 Dungeon Crawl Stone Soup version 0.31.0-9-g3a7656b989 (webtiles) character file.

Game seed: 11978579308219692151

1492 groovy9 the Skirmisher (level 8, -3/74 HPs)
             Began as a Minotaur Hunter on Jan 25, 2024.
             Slain by a bullfrog (6 damage)
             ... on level 6 of the Dungeon.
             The game lasted 00:15:19 (4912 turns).

groovy9 the Skirmisher (Minotaur Hunter)            Turns: 4912, Time: 00:15:19

Health: -3/74      AC:  6    Str: 15    XL:     8   Next: 51%
Magic:  7/7        EV: 12    Int:  6    God:
Gold:   198        SH:  0    Dex: 17    Spells: 7/7 levels left

rFire   . . .        A - +3 short sword
rCold   . . .        (no shield)
rNeg    + . .        c - +0 leather armour
rPois   .            (helmet restricted)
rElec   .            u - +0 cloak
rCorr   .            m - +0 pair of gloves
SInv    .            f - +0 pair of boots
Will    .....        o - amulet of regeneration
Stlth   ++           e - ring of positive energy
HPRegen 1.12/turn    (no ring)
MPRegen 0.10/turn

%: no passive effects
@: slowed, very slow
A: horns 2, retaliatory headbutt
a: no special abilities


You were on level 6 of the Dungeon.
You visited 1 branch of the dungeon, and saw 6 of its levels.

You collected 198 gold pieces.

Inventory:

Hand Weapons
 a - a +1 shortbow
 A - a +3 short sword (weapon)
Armour
 c - a +0 leather armour (worn)
 f - a +0 pair of boots (worn)
 m - a +0 pair of gloves (worn)
 u - a +0 cloak (worn)
Jewellery
 e - a ring of positive energy (left hand)
 o - an amulet of regeneration (around neck)
 z - a ring of ice
Scrolls
 i - a scroll of noise
 j - a scroll of teleportation
 n - a scroll of torment
 s - 2 scrolls of revelation {unknown}
 t - 2 scrolls of identify
 w - 2 scrolls of amnesia {unknown}
 y - a scroll of immolation
 B - a scroll of blinking {unknown}
Potions
 d - 2 potions of brilliance
 k - 5 potions of curing {unknown}
 l - a potion of berserk rage {unknown}
 p - 3 potions of invisibility {unknown}
 q - a potion of might {unknown}
 r - 2 potions of mutation {unknown}
 v - a potion of enlightenment {unknown}
 x - a potion of degeneration {unknown}


   Skills:
 + Level 7.8 Fighting
 * Level 10.5 Ranged Weapons
 - Level 2.1 Dodging
 - Level 0.7 Stealth


You had 7 spell levels left.
You didn't know any spells.
Your spell library contained the following spells:

 Spells                   Type           Power      Damage    Failure   Level
 Sandblast                Erth           0%         2d4       52%         1
 Mercury Vapours          Alch/Air       0%         N/A       67%         2
 Call Canine Familiar     Summ           0%         N/A       88%         3
 Mephitic Cloud           Conj/Alch/Air  0%         N/A       88%         3
 Passwall                 Erth           0%         N/A       88%         3
 Sigil of Binding         Hex            0%         N/A       88%         3
 Stone Arrow              Conj/Erth      0%         3d7       88%         3
 Brom's Barrelling Bould  Conj/Erth      0%         2d3       99%         4
 Dimensional Bullseye     Hex/Tloc       0%         N/A       99%         4
 Freezing Cloud           Conj/Ice/Air   0%         6-21      100%        5


Dungeon Overview and Level Annotations

Branches:
Dungeon (6/15)
 Temple: D:4-7

Altars:
Cheibriados
Dithmenos
Elyvilon
Ru
Sif Muna
Uskayaw

Shops:
D:3 [


Innate Abilities, Weirdness & Mutations

You have a pair of horns on your head.
You reflexively headbutt those who attack you in melee.


Message History

You hear a bark!
An adder comes into view.
The wight closely misses you. You furiously retaliate!
You headbutt the wight, but do no damage.
A gnoll bouda comes into view. It is wielding a +0 long sword.
The gnoll bouda shouts!
You puncture the wight! Your headbutt misses the wight.
The wight is moderately damaged.
The bullfrog hits you. The wight closely misses you. You furiously retaliate!
You headbutt the wight! The gnoll closely misses you.
The gnoll bouda barks out a call to the hunt!
The gnolls pick up the pace!
The bullfrog barely misses you.
You barely miss the wight.
You headbutt the wight, but do no damage.
The wight is almost destroyed.
A hound comes into view.
The bullfrog barely misses you.
The gnoll hits you from afar with a +0 spear.
* * * LOW HITPOINT WARNING * * *
The wight hits you with a +0 war axe!
* * * LOW HITPOINT WARNING * * *
The bullfrog closely misses you. The gnoll hits you with a +0 flail.
* * * LOW HITPOINT WARNING * * *
The gnoll barely misses you. The wight misses you.
The gnoll hits you from afar with a +0 spear.
* * * LOW HITPOINT WARNING * * *
A gnoll comes into view.
It is wielding a +0 spear and quivering a throwing net.
You hit the wight.
The wight is almost destroyed.
The bullfrog hits you but does no damage.
The hound bites you but does no damage.
The bullfrog hits you but does no damage.
The gnoll closely misses you. x2; You furiously retaliate!
You headbutt the gnoll!
You kill the gnoll!
The wight hits you with a +0 war axe!
* * * LOW HITPOINT WARNING * * *
The gnoll barely misses you. The hound misses you. The bullfrog hits you.
You die...

. .. ... ....
.....
......######
.....Sz@)..#
.....)Fh.g.#
......##.g..#
######
...gg..
....#.. ...##
. ...# ...#


You could see a bullfrog, a gnoll bouda, a hound, a wight, 3 gnolls and an
adder.

Vanquished Creatures
  Menkaure (D:6)
  4 ogres
  2 phantoms
  A bullfrog (D:5)
  A howler monkey (D:5)
  5 hounds
  2 jellies
  3 orc priests (D:5)
  2 bombardier beetles
  Crazy Yiuf (D:4)
  2 iguanas
  2 orc wizards (D:5)
  Natasha (thrice) (D:2)
  8 adders
  4 gnolls
  2 ufetubi (D:4)
  2 dart slugs (D:4)
  6 ribbon worms
  12 orcs
  7 endoplasms
  5 giant cockroaches
  5 goblins
  7 hobgoblins
  6 jackals
  4 quokkas
  4 ball pythons
  8 bats
  3 frilled lizards
  5 kobolds
  2 rats
119 creatures vanquished.

Notes
Turn   | Place    | Note
-------+----------+-------------------------------------------
     0 | D:1      | groovy9 the Minotaur Hunter began the quest for the Orb.
     0 | D:1      | Reached XP level 1. HP: 18/18 MP: 0/0
   113 | D:1      | Reached XP level 2. HP: 19/25 MP: 1/1
   415 | D:1      | Reached skill level 5 in Ranged Weapons
   889 | D:2      | Reached XP level 3. HP: 31/31 MP: 2/2
   891 | D:2      | Noticed Natasha
   900 | D:2      | Killed Natasha
  1096 | D:2      | Noticed Natasha
  1099 | D:2      | Killed Natasha
  1100 | D:2      | Reached XP level 4. HP: 40/40 MP: 3/3
  1258 | D:2      | Reached skill level 6 in Ranged Weapons
  1708 | D:2      | Noticed Natasha
  1718 | D:2      | Killed Natasha
  1719 | D:2      | Reached XP level 5. HP: 44/46 MP: 4/4
  1878 | D:3      | Found a shadowy altar of Dithmenos.
  1878 | D:3      | Found a snail-covered altar of Cheibriados.
  1879 | D:3      | Found a sacrificial altar of Ru.
  1912 | D:3      | Found a faded altar of an unknown god.
  1979 | D:3      | Found Codonn's Armour Boutique.
  2088 | D:3      | Found a white marble altar of Elyvilon.
  2245 | D:4      | Noticed an ogre
  2287 | D:4      | Noticed an ogre
  2560 | D:4      | Found a runed translucent door.
  2561 | D:4      | Noticed Crazy Yiuf
  2572 | D:4      | Killed Crazy Yiuf
  2573 | D:4      | Reached skill level 7 in Ranged Weapons
  2573 | D:4      | Reached XP level 6. HP: 7/55 MP: 5/5
  2836 | D:4      | Reached skill level 5 in Fighting
  2991 | D:4      | Reached skill level 8 in Ranged Weapons
  2991 | D:4      | Reached XP level 7. HP: 25/61 MP: 6/6
  3557 | D:5      | Entered Level 5 of the Dungeon
  3829 | D:5      | Found a hide-covered altar of Uskayaw.
  3864 | D:5      | Reached skill level 9 in Ranged Weapons
  4071 | D:5      | Reached XP level 8. HP: 71/71 MP: 7/7
  4385 | D:5      | Found a shimmering blue altar of Sif Muna.
  4647 | D:6      | Reached skill level 10 in Ranged Weapons
  4659 | D:6      | Noticed Menkaure
  4671 | D:6      | Killed Menkaure
  4813 | D:6      | Noticed a boulder beetle
  4912 | D:6      | HP: 3/74 [wight/+0 war axe (10)]
  4912 | D:6      | Slain by a bullfrog

Illustrated notes

Levels and vault maps discovered:
D:1:      sevenhm_arrival_forest_fort_small_5, layout_basic,
          chequers_decorated_corner
D:2:      layout_loops_ring, uniq_natasha
D:3:      layout_rooms, old_standard_altar, gammafunk_temple_overflow_forgotten,
          chequers_ecumenical_altar_island, serial_shops,
          nicolae_shop_tiny_waterfront, dk_noncrumbling_3
D:4:      layout_gridville, serial_rivers, chequers_serial_rivers_micro_a,
          chequers_serial_rivers_small_3, chequers_serial_rivers_small_b,
          chequers_serial_rivers_small_a, chequers_serial_rivers_micro_a,
          chequers_serial_rivers_small_3, nicolae_letterblocks
          [nicolae_letter_subblock, nicolae_letter_subblock,
          nicolae_letter_subblock, nicolae_letter_subblock,
          nicolae_letter_subblock, nicolae_letter_subblock,
          nicolae_letter_subblock, nicolae_letter_subblock,
          nicolae_letter_subblock, nicolae_letter_subblock,
          nicolae_letter_subblock, nicolae_letter_subblock,
          nicolae_letter_subblock, nicolae_letter_subblock,
          nicolae_letter_subblock, nicolae_letter_subblock,
          nicolae_letter_subblock, nicolae_letter_subblock,
          nicolae_letter_subblock, nicolae_letter_subblock,
          nicolae_letter_subblock, nicolae_letter_subblock,
          nicolae_letter_subblock, nicolae_letter_subblock,
          nicolae_letter_subblock], uniq_crazy_yiuf_cottage
D:5:      layout_basic, lemuel_doored_altar, led_sif_pool,
          kennysheep_generic_room_5
D:6:      minmay_cornered_nines, layout_gridville,
          minmay_temple_entry_enclosed_plants, uniq_menkaure, uniq_eustachio

Skill      XL: |  1  2  3  4  5  6  7  8 |
---------------+-------------------------+-----
Fighting       | 3 4 5 6 7 |  7.8
Ranged Weapons | 5 6 7 8 9 10 | 10.5
Dodging        | |  2.1
Stealth        | |  0.7

Action                     |  1- 3 |  4- 6 |  7- 9 || total
---------------------------+-------+-------+-------++-------
  Melee: Trident           |     1 |    16 |    17 ||    34
         Headbutt          |       |     2 |    15 ||    17
         Short sword       |       |       |    49 ||    49
         Punch             |       |       |     2 ||     2
   Fire: Shortbow          |    81 |   123 |   216 ||   420
    Use: Scroll            |       |    10 |     2 ||    12
         Potion            |       |     1 |     4 ||     5
 Armour: Leather armour    |    19 |    36 |    81 ||   136
         Skin              |       |       |    34 ||    34
  Dodge: Dodged            |     9 |    26 |    67 ||   102
